 Dungeon Sprint DCSS version 0.23.2-30-g0e89c35649 (webtiles) character file.

Game seed: 14908323841669267878

12845 mahrnol the Peltast (level 11, -1/113 HPs)
             Began as a Minotaur Fighter on June 17, 2019.
             Was the Champion of Makhleb.
             Killed by divine providence
             ... invoked by an orc high priest
              (12 damage)
             ... in the Dungeon (Sprint IX: "|||||||||||||||||||||||||||||").
             The game lasted 00:13:36 (1098 turns).

mahrnol the Peltast (Minotaur Fighter)              Turns: 1098, Time: 00:13:36

Health: -1/113     AC: 22    Str: 27    XL:     11   Next: 67%
Magic:  15/15      EV:  8    Int:  8    God:    Makhleb [******]
Gold:   1257       SH: 15    Dex: 10    Spells: 10/10 levels left

rFire    . . .     SeeInvis .   p - +2 morningstar (crush)
rCold    . . .     Gourm    .   c - +0 shield
rNeg     + . .     Faith    .   D - +2 plate armour {rN+}
rPois    .         Spirit   .   (helmet unavailable)
rElec    .         Reflect  .   (no cloak)
rCorr    .         Harm     .   C - +0 pair of gloves
MR       .....     NoTele   +   q - +0 pair of boots
Stlth    ..........             (no amulet)
HPRegen  0.68/turn              s - +3 ring of strength
MPRegen  0.14/turn              t - +3 ring of intelligence

@: hasted, lightly drained, very quick
A: retaliatory headbutt, horns 3, low mp 1, regeneration 1
a: Minor Destruction, Lesser Servant of Makhleb, Major Destruction, Greater
Servant of Makhleb, Renounce Religion


You were in the Dungeon.
You worshipped Makhleb.
Makhleb was exalted by your worship.
You were not hungry.

You visited 1 branch You collected 1257 gold pieces.

Inventory:

Hand Weapons
 a - a +0 flail
 p - a +2 morningstar of crushing (weapon)
 u - a +2 shortbow of freezing
 E - a +0 arbalest
Missiles
 b - 2 tomahawks (quivered)
 v - 82 arrows
 F - 17 bolts
Armour
 c - a +0 shield (worn)
 q - a +0 pair of boots (worn)
 C - a +0 pair of gloves (worn)
 D - a +2 plate armour of positive energy (worn)
Jewellery
 s - a +3 ring of strength (left hand)
 t - a +3 ring of intelligence (right hand)
 x - an uncursed ring of fire
Wands
 o - a wand of acid (10)
Scrolls
 k - 2 scrolls of blinking
 m - 4 scrolls of remove curse
 n - 2 scrolls of amnesia
 y - 2 scrolls of fear
 z - 2 scrolls of enchant armour
 A - a scroll of fog
 B - 2 scrolls of enchant weapon
Potions
 d - a potion of invisibility
 e - 4 potions of curing
 g - 3 potions of heal wounds
 h - 4 potions of haste
 i - 4 potions of magic
 j - 2 potions of berserk rage
 w - a potion of might
Comestibles
 f - 12 rations
 l - 10 chunks of flesh


   Skills:
 + Level 15.4(14.8) Fighting
 - Level 16.5(15.9) Maces & Flails
 + Level 15.6(15.0) Armour
 + Level 17.8(17.1) Shields
 * Level 9.2(8.7) Invocations


You had 10 spell levels left.
You didn't know any spells.
Your spell library was empty.

Dungeon Overview and Level Annotations

Branches:
Dungeon (1/1)

Altars:
Cheibriados
Dithmenos
Elyvilon
Fedhas
Gozag
Hepliaklqana
Kikubaaqudgha
Makhleb
Nemelex Xobeh
Okawaru
Qazlal
Ru
Sif Muna
Trog
Uskayaw
Vehumet
Wu Jian
Xom
Yredelemnul
Zin
The Shining One
Beogh
Jiyva
Lugonu

Shops:
D ?[*


Innate Abilities, Weirdness & Mutations

You reflexively headbutt those who attack you in melee.
You have a pair of large horns on your head.
Your magical capacity is low. (-10% MP)
Your natural rate of healing is unusually fast.


Message History

You hit the hellwing. Your headbutt misses the hellwing.
The hellwing is severely wounded.
The orc high priest prays to Beogh.
The hellwing hits you!
* * * LOW HITPOINT WARNING * * *
The hellwing hits you but does no damage.
You block the soul eater's attack.
You puncture the hellwing!
The hellwing is almost dead.
You sock the hellwing!
You kill the hellwing!
The orc high priest utters an invocation to Beogh.
The soul eater hits you.
* * * LOW HITPOINT WARNING * * *
You partially resist.
You feel drained.
The soul eater disappears in a puff of smoke!
The chaos spawn degenerates into a cloud of primal chaos!
The orc high priest mumbles some strange prayers to Beogh against you.
Beogh smites you!
You die...

)...).....'______________________
▓▓▓▓▓▓▓▓▓▓▓▓▓▓▓▓▓▓▓▓▓▓▓▓▓▓▓▓▓▓▓▓▓
.................................
▓▓▓▓▓▓▓▓▓▓▓▓▓▓▓▓▓▓▓▓▓▓▓▓▓▓▓▓▓▓▓▓▓
.'.............÷.........†.......
▓▓▓▓▓▓▓▓▓▓▓▓▓▓▓▓▓▓▓▓▓▓▓▓▓▓▓▓▓▓▓▓▓
..............)..................
▓▓▓▓▓▓▓▓▓▓▓▓▓▓▓▓▓▓▓▓▓▓▓▓▓▓▓▓▓▓▓▓▓
.......'))))))..@....'§ooo4).....
▓▓▓▓▓▓▓▓▓▓▓▓▓▓▓▓▓▓▓▓▓▓▓▓▓▓▓▓▓▓▓▓▓


You could see an orc high priest.

Vanquished Creatures
  Josephine (D)
  A hydra (D)
  4 orc high priests (D)
  An unseen horror (D)
  4 orc knights (D)
  4 spiny frogs (D)
  A rime drake (D)
  3 komodo dragons (D)
  3 tyrant leeches (D)
  2 blink frogs (D)
  3 hippogriffs (D)
  3 wraiths (D)
  A vampire mosquito (D)
  3 water moccasins (D)
  10 orc warriors (D)
  2 necrophages (D)
  A crocodile (D)
  4 centaurs (D)
  4 bullfrogs (D)
  A big kobold (D)
  3 crimson imps (D)
  7 orc wizards (D)
  A worker ant (D)
  A gnoll (D)
  A shadow imp (D)
  10 orcs (D)
  2 bats (D)
  A kobold (D)
  A goblin (D)
  A rat (D)
84 creatures vanquished.

Notes
Turn   | Place    | Note
-------+----------+-------------------------------------------
     0 | D        | mahrnol the Minotaur Fighter began the quest for the Orb.
     0 | D        | Reached XP level 1. HP: 19/19 MP: 0/0
     7 | D        | Reached skill level 4 in Shields
    26 | D        | Noticed a crimson imp
    26 | D        | Noticed an orc wizard
    26 | D        | Noticed a necrophage
    28 | D        | Killed a crimson imp
    28 | D        | Reached skill level 5 in Fighting
    28 | D        | Reached skill level 5 in Armour
    28 | D        | Reached skill level 5 in Shields
    28 | D        | Reached XP level 2. HP: 29/29 MP: 1/1
    28 | D        | Reached XP level 3. HP: 36/36 MP: 2/2
    31 | D        | Reached skill level 6 in Shields
    31 | D        | Reached XP level 4. HP: 44/44 MP: 3/3
    41 | D        | Killed a necrophage
    41 | D        | Reached skill level 5 in Maces & Flails
    41 | D        | Reached skill level 8 in Shields
    41 | D        | Reached XP level 5. HP: 38/51 MP: 4/4
    52 | D        | Found a roughly hewn altar of Beogh.
    52 | D        | Found a snail-covered altar of Cheibriados.
    52 | D        | Found a shadowy altar of Dithmenos.
    52 | D        | Found a white marble altar of Elyvilon.
    52 | D        | Found a blossoming altar of Fedhas.
    52 | D        | Found an opulent altar of Gozag.
    53 | D        | Found a hazy altar of Hepliaklqana.
    54 | D        | Found a viscous altar of Jiyva.
    55 | D        | Found an ancient bone altar of Kikubaaqudgha.
    56 | D        | Found a corrupted altar of Lugonu.
    57 | D        | Found a burning altar of Makhleb.
    58 | D        | Found a sparkling altar of Nemelex Xobeh.
    59 | D        | Found an iron altar of Okawaru.
    60 | D        | Found a stormy altar of Qazlal.
    61 | D        | Found a sacrificial altar of Ru.
    62 | D        | Found a deep blue altar of Sif Muna.
    63 | D        | Found a bloodstained altar of Trog.
    64 | D        | Found a hide-covered altar of Uskayaw.
    65 | D        | Became a worshipper of Makhleb the Destroyer
    66 | D        | Found a radiant altar of Vehumet.
    67 | D        | Found an ornate altar of the Wu Jian Council.
    68 | D        | Found a shimmering altar of Xom.
    69 | D        | Found a basalt altar of Yredelemnul.
    70 | D        | Found a glowing silver altar of Zin.
    71 | D        | Found a glowing golden altar of the Shining One.
   201 | D        | Noticed a centaur
   201 | D        | Noticed a centaur
   201 | D        | Noticed a centaur
   201 | D        | Noticed a necrophage
   210 | D        | Killed a centaur
   210 | D        | Reached skill level 9 in Shields
   213 | D        | Killed a centaur
   213 | D        | Reached XP level 6. HP: 57/61 MP: 5/5
   216 | D        | Reached * piety under Makhleb
   216 | D        | Reached skill level 10 in Shields
   224 | D        | Killed an unseen horror
   224 | D        | Reached skill level 10 in Fighting
   224 | D        | Reached skill level 12 in Shields
   224 | D        | Reached XP level 7. HP: 63/71 MP: 6/6
   227 | D        | Reached XP level 8. HP: 70/78 MP: 7/7
   237 | D        | Reached ** piety under Makhleb
   237 | D        | Reached skill level 10 in Maces & Flails
   268 | D        | Reached *** piety under Makhleb
   401 | D        | Gained mutation: Your magical capacity is low. (-10% MP)
                  | [potion of mutation]
   401 | D        | Gained mutation: You have a pair of large horns on your
                  | head. [potion of mutation]
   401 | D        | Gained mutation: Your natural rate of healing is unusually
                  | fast. [potion of mutation]
   426 | D        | Noticed a komodo dragon
   426 | D        | Noticed a hippogriff
   433 | D        | Noticed a four-headed hydra
   437 | D        | Reached skill level 13 in Shields
   440 | D        | Reached **** piety under Makhleb
   443 | D        | Killed a komodo dragon
   448 | D        | Noticed a komodo dragon
   452 | D        | Killed a hippogriff
   452 | D        | Reached XP level 9. HP: 88/88 MP: 7/7
   461 | D        | Killed a four-headed hydra
   461 | D        | Reached skill level 14 in Shields
   463 | D        | Reached ***** piety under Makhleb
   467 | D        | Killed a komodo dragon
   482 | D        | Noticed a spiny frog
   482 | D        | Noticed a rime drake
   486 | D        | Noticed a komodo dragon
   487 | D        | Killed a spiny frog
   487 | D        | Reached skill level 1 in Invocations
   490 | D        | Noticed a spiny frog
   494 | D        | Killed a rime drake
   503 | D        | Reached skill level 15 in Shields
   503 | D        | Reached XP level 10. HP: 96/96 MP: 8/10
   519 | D        | Killed a spiny frog
   519 | D        | Reached ****** piety under Makhleb
   539 | D        | Noticed a spiny frog
   539 | D        | Noticed a spiny frog
   551 | D        | Killed a spiny frog
   551 | D        | Reached skill level 15 in Maces & Flails
   561 | D        | Killed a spiny frog
   561 | D        | Reached skill level 5 in Invocations
   682 | D        | Noticed Josephine
   705 | D        | Killed Josephine
   705 | D        | Reached skill level 16 in Shields
   772 | D        | Reached XP level 11. HP: 106/106 MP: 13/13
   833 | D        | Noticed an orc knight
   868 | D        | Killed an orc knight
   904 | D        | Reached skill level 15 in Armour
   959 | D        | Found Suseapn's Magic Scroll Emporium.
   959 | D        | Noticed an orc knight
   959 | D        | Noticed an orc high priest
   959 | D        | Noticed an orc high priest
   959 | D        | Noticed an orc knight
   959 | D        | Noticed an orc high priest
   960 | D        | Noticed an orc high priest
   961 | D        | Killed an orc knight
   963 | D        | Noticed a sun demon
   963 | D        | Noticed a sun demon
   965 | D        | Killed an orc high priest
   965 | D        | Reached skill level 17 in Shields
   974 | D        | Killed an orc high priest
   982 | D        | Killed an orc knight
   988 | D        | Found Ceugamy's Armour Shoppe.
   988 | D        | Noticed an orc knight
   996 | D        | Noticed an orc high priest
  1000 | D        | Noticed a soul eater
  1009 | D        | Killed an orc high priest
  1009 | D        | Reached skill level 15 in Fighting
  1010 | D        | Found Wizxucai's General Store.
  1011 | D        | Noticed an orc high priest
  1012 | D        | Noticed an orc knight
  1016 | D        | Killed an orc high priest
  1017 | D        | Noticed a sixfirhy
  1022 | D        | Killed an orc knight
  1043 | D        | Noticed a sixfirhy
  1058 | D        | Noticed a sixfirhy
  1062 | D        | Noticed a soul eater
  1098 | D        | Killed from afar by an orc high priest

Skill      XL: |  1  2  3  4  5  6  7  8  9 10 11 |
---------------+----------------------------------+-----
Fighting       | 5 7 8 10 11 13 15 | 15.4
Armour         | 5 6 7 9 11 12 13 14 15 | 15.6
Shields        | 5 6 8 9 12 13 15 16 17 | 17.8
Maces & Flails | 3 4 5 7 9 12 14 16 | 16.5
Invocations    | 3 6 9 |  9.2

Action                   |  1- 3 |  4- 6 |  7- 9 | 10-12 || total
-------------------------+-------+-------+-------+-------++-------
Melee: Flail             |    18 |    12 |       |       ||    30
       Headbutt          |     4 |    10 |    18 |    58 ||    90
       Morningstar       |       |    21 |    87 |   240 ||   348
Invok: Minor Destruction |       |       |       |     5 ||     5
  Use: Potion            |     1 |       |     1 |     2 ||     4
  Eat: Chunk             |       |       |       |     1 ||     1
Armor: Scale mail        |    12 |     2 |       |       ||    14
       Plate armour      |       |    21 |    33 |    39 ||    93
Dodge: Dodged            |     5 |     3 |    13 |    28 ||    49
Block: Shield            |     9 |    15 |    56 |   106 ||   186
